 Dungeon Crawl Stone Soup version 0.28-a0-1567-g1695149f81 (webtiles) character file.

Game seed: 7875317031238440411

12 parzival7114810 the Skirmisher (level 2, -3/27 HPs)
             Began as a Hill Orc Fighter on Jan 19, 2022.
             Slain by Natasha (4 damage)
             ... on level 2 of the Dungeon.
             The game lasted 00:01:19 (824 turns).

parzival7114810 the Skirmisher (Hill Orc Fighter)    Turns: 824, Time: 00:01:19

Health: -3/27      AC:  6    Str: 18    XL:     2   Next: 33%
Magic:  2/2        EV:  9    Int:  8    God:
Gold:   55         SH:  4    Dex: 10    Spells: 1/1 levels left

rFire   . . .      SeeInvis .   a - +0 war axe
rCold   . . .      Faith    .   c - +0 buckler
rNeg    . . .      Spirit   .   b - +0 scale mail
rPois   .          Reflect  .   (no helmet)
rElec   .          Harm     .   (no cloak)
rCorr   .          Rampage  .   (no gloves)
Will    .....                   (no boots)
Stlth   ..........              (no amulet)
HPRegen 0.09/turn               (no ring)
MPRegen 0.08/turn               (no ring)

@: slowed, very slow
A: no striking features
a: no special abilities


You were on level 2 of the Dungeon.
You visited 1 branch of the dungeon, and saw 2 of its levels.

You collected 55 gold pieces.

Inventory:

Hand Weapons
 a - a +0 war axe (weapon)
Armour
 b - a +0 scale mail (worn)
 c - a +0 buckler (worn)
Potions
 d - 2 potions of might
 e - a potion of invisibility {unknown}
 f - a potion of curing {unknown}


   Skills:
 + Level 3.8 Fighting
 + Level 2.9 Axes
 + Level 3.4 Armour
 + Level 0.3 Dodging
 + Level 3.5 Shields


You had one spell level left.
You didn't know any spells.
Your spell library was empty.

Dungeon Overview and Level Annotations

Branches:
Dungeon (2/15)

Altars:

Shops:
D:1 :

Annotations:
D:2 Jessica, Natasha


Message History

Natasha hisses angrily.
Natasha drinks a potion.
Natasha's spells are empowered!
Natasha is nearby!
Jessica the Apprentice Sorceress comes into view.
She is wielding a +0 dagger.
Jessica shouts!
Natasha casts a spell at you. The magic dart hits you.
You closely miss Natasha.
Natasha stares at you and mumbles some strange words.
The magic dart hits you.
Jessica mumbles some strange words.
Jessica blinks!
You hit Natasha.
Natasha is lightly wounded.
Natasha misses you.
Jessica grins evilly.
You closely miss Natasha.
Natasha is lightly wounded.
Natasha stares at you and mumbles some strange words.
You struggle to resist.
Jessica gestures at you while chanting. Pain shoots through your body!
Natasha stares at you and mumbles some strange words.
You feel yourself slow down.
You hit Natasha but do no damage. Natasha claws you. Jessica barely misses you.
Natasha mumbles some strange words.
Natasha glows brightly for a moment.
Natasha barely misses you.
You barely miss Natasha. You hit Jessica. Jessica hits you with a +0 dagger.
* * * LOW HITPOINT WARNING * * *
Natasha casts a spell.
Jessica casts a spell.
Jessica seems to speed up.
Natasha claws you but does no damage.
Unknown command.
You slash Natasha!
Natasha is heavily wounded.
You barely miss the white imp. You hit Jessica. You block Jessica's attack.
Jessica closely misses you. Natasha claws you.
* * * LOW HITPOINT WARNING * * *
The white imp misses you. Jessica barely misses you. Natasha claws you.
You die...

... ###.####
#......# #......#
#......# #......
##.h.### #..@...#
#.@5...# #......#
.....##.#########
.....##..........
.... #...........
... #.#<###.####
##. #.#.# ..
#.#.# .


You could see Natasha (empowered), a white imp (summoned) and Jessica (fast).

Vanquished Creatures
  A ball python (D:1)
  An endoplasm (D:1)
  A giant cockroach (D:1)
  2 hobgoblins (D:1)
  A quokka (D:1)
  3 bats (D:1)
  2 frilled lizards (D:1)
11 creatures vanquished.

Vanquished Creatures (others)
  6 plants (D:1)
6 creatures vanquished.

Grand Total: 17 creatures vanquished

Notes
Turn   | Place    | Note
-------+----------+-------------------------------------------
     0 | D:1      | parzival7114810 the Hill Orc Fighter began the quest for
                  | the Orb.
     0 | D:1      | Reached XP level 1. HP: 19/19 MP: 1/1
    47 | D:1      | Found Biasol's Book Shop.
   329 | D:1      | Reached XP level 2. HP: 26/27 MP: 2/2
   759 | D:1      | Found a faded altar of an unknown god.
   815 | D:2      | Noticed Natasha
   816 | D:2      | Noticed Jessica
   824 | D:2      | HP: 1/27 [Natasha (6)]
   824 | D:2      | Slain by Natasha

Illustrated notes

Levels and vault maps discovered:
D:1:      dpeg_arrival_tiny_f, layout_rooms, serial_shops, nicolae_shop_stone,
          shapermc_ecumenical_altar_hornbeckon, minmay_misc_feat_alley,
          st_stairs_11, serial_bayou_pond_a
D:2:      layout_basic, grunt_ministairs_8, uniq_natasha, uniq_jessica

Action                   || total
-------------------------++-------
Melee: War axe           ||    52
Armor: Scale mail        ||    45
Dodge: Dodged            ||    47
Block: Buckler           ||    14

Table legend: (Time is in decaauts)
 A = Elapsed time spent in this place.
 B = Non-inter-level travel time spent in this place.
 C = Inter-level travel time spent in this place.
 D = Time resting spent in this place.
 E = Time spent auto-exploring this place.
 F = Levels seen in this place.
 G = Mean time per level.
                   A        B        C        D        E       F      G
               +--------+--------+--------+--------+--------+-----+--------+
         Total |    857 |    855 |      2 |      0 |    608 |   2 |  428.5 |
       Dungeon |    857 |    855 |      2 |      0 |    608 |   2 |  428.5 |
               +--------+--------+--------+--------+--------+-----+--------+

Top non-repeatable levels by time:
     D:1: 840 daAuts
     D:2: 16 daAuts
